 Dungeon Crawl Stone Soup version 0.28-a0-1447-ga5a8893891 (webtiles) character file.

Game seed: 7750564479836254935

123 Cancer the Digger (level 5, -1/29 HPs)
             Began as a Gargoyle Earth Elementalist on Jan 10, 2022.
             Slain by an iguana (12 damage)
             ... on level 4 of the Dungeon.
             The game lasted 00:09:27 (4146 turns).

Cancer the Digger (Gargoyle Earth Elementalist)     Turns: 4146, Time: 00:09:27

Health: -1/29      AC:  8    Str: 12    XL:     5   Next: 7%
Magic:  8/9        EV: 11    Int: 17    God:
Gold:   70         SH:  0    Dex: 10    Spells: 6/10 levels left

rFire   . . .      SeeInvis .   g - +0 quarterstaff
rCold   . . .      Faith    .   (shield currently unavailable)
rNeg    + . .      Spirit   .   d - +0 leather armour
rPois   ∞          Reflect  .   (no helmet)
rElec   +          Harm     .   (no cloak)
rCorr   .          Rampage  .   (no gloves)
Will    .....                   f - +0 pair of boots
Stlth   ++........              (no amulet)
HPRegen 0.09/turn               (no ring)
MPRegen 0.11/turn               (no ring)

@: no status effects
A: sickness immunity, AC +4, negative energy resistance 1, electricity
resistance, torment resistance 1, petrification resistance
a: no special abilities


You were on level 4 of the Dungeon.
You visited 1 branch of the dungeon, and saw 4 of its levels.

You collected 70 gold pieces.

Inventory:

Hand Weapons
 a - a +0 short sword
 g - a +0 quarterstaff (weapon)
Missiles
 c - 62 stones
Armour
 b - a +0 robe
 d - a +0 leather armour (worn)
 f - a +0 pair of boots (worn)
Scrolls
 h - a scroll of magic mapping {unknown}
 m - a scroll of identify {unknown}
 o - 2 scrolls of vulnerability {unknown}
 p - a scroll of silence {unknown}
 q - a scroll of immolation {unknown}
 r - a scroll of teleportation {unknown}
Potions
 e - 2 potions of heal wounds {unknown}
 i - a potion of might {unknown}
 j - 2 potions of degeneration {unknown}
 k - 2 potions of curing {unknown}
 l - a potion of invisibility {unknown}
 n - a potion of haste {unknown}


   Skills:
 - Level 1.0 Fighting
 - Level 1.5 Dodging
 - Level 2.1 Stealth
 + Level 3.0 Spellcasting
 + Level 2.6 Conjurations
 - Level 0.7 Transmutations
 + Level 4.8 Earth Magic


You had 6 spell levels left.
You knew the following spells:

 Your Spells              Type           Power      Damage    Failure   Level
a - Sandblast             Erth           36%        2d10      3%          1
b - Stone Arrow           Conj/Erth      30%        3d8       14%         3

Your spell library contained the following spells:

 Spells                   Type           Power      Damage    Failure   Level
 Passwall                 Tmut/Erth      10%        N/A       11%         2
 Animate Skeleton         Necr           4%         N/A       22%         1
 Apportation              Tloc           4%         N/A       22%         1
 Summon Small Mammal      Summ           8%         N/A       22%         1
 Petrify                  Tmut/Erth      12%        N/A       56%         4


Dungeon Overview and Level Annotations

Branches:
Dungeon (4/15)
 Temple: D:4-7

Altars:

Shops:
D:1 ?   D:2 (

Annotations:
D:2 Sigmund
D:3 mocca
D:4 exclusion: centaur


Innate Abilities, Weirdness & Mutations

You are immune to sickness and miasma.
Your stone body is resilient. (AC +4)
You are immune to poison.
You resist negative energy. (rN+)
You are resistant to electric shocks. (rElec)
You are resistant to unholy torment.
You are immune to petrification.


Message History

You climb downwards.
Found three items.
There is a stone staircase leading up here.
r - a scroll labelled WEOMUX XOKUVIXT
o - 2 scrolls labelled JEPPURPH ITWIP (gained 1)
You now have 70 gold pieces (gained 6).
An adder comes into view.
An adder is nearby!
You sock the adder!
The adder is almost dead.
The adder bites you but does no damage. The adder bites you.
You hit the adder.
You kill the adder!
You have reached level 5!
HP restored.
You see here an adder corpse.
A centaur comes into view.
Press: ? - help, v - describe, . - travel
Here: a centaur, quivering arrows (asleep)
The floor.
Placed new exclusion.
You see here an adder corpse.
An iguana comes into view.
The iguana hisses angrily.
The iguana closely misses you.
You hit the iguana.
The iguana is lightly wounded.
The iguana bites you! The iguana bites you.
You are too injured to fight recklessly!
You are too injured to fight recklessly!
You are too injured to fight recklessly!
Casting: Sandblast (safe; 3% risk of failure)
Confirm with . or Enter, or press ? or * to list all spells.
Aiming: Sandblast (safe; 3% risk of failure)
Press: ? - help, Shift-Dir - straight line, f - iguana
Aim: an iguana (lightly wounded, 82% to hit)
The blast of sand hits the iguana!
The iguana is almost dead.
The iguana bites you!
You die...

#....##### #........
#.......#
#.#...#.############.
#....................
#..............#####.
#...........<..#
#.#.l.#...........#
#...@..........##.#
####.###.......# #
#.# #......... #.#
########## #.# #.#
#####.#.. #.#
#.....c..
#.########.#
#........#.#


You could see an iguana.

Vanquished Creatures
  4 gnolls
  3 adders
  3 worms
  3 dart slugs
  An orc (D:3)
  3 bats (D:1)
  4 endoplasms
  2 giant cockroaches
  3 goblins
  2 hobgoblins
  3 kobolds
  2 quokkas (D:3)
  3 ball pythons
  5 frilled lizards
  6 rats
47 creatures vanquished.

Notes
Turn   | Place    | Note
-------+----------+-------------------------------------------
     0 | D:1      | Cancer the Gargoyle Earth Elementalist began the quest for
                  | the Orb.
     0 | D:1      | Reached XP level 1. HP: 10/10 MP: 3/3
   484 | D:1      | Reached XP level 2. HP: 12/15 MP: 5/5
   561 | D:1      | Found Hioxaj's Magic Scroll Emporium.
   613 | D:1      | Reached skill level 1 in Conjurations
  1185 | D:1      | Reached skill level 4 in Earth Magic
  1346 | D:1      | Found a faded altar of an unknown god.
  1545 | D:2      | You fall into a shaft and drop 1 floor!
  1569 | D:3      | Noticed a water moccasin
  1825 | D:2      | Found Elleil's Weapon Emporium.
  1843 | D:2      | Reached XP level 3. HP: 15/19 MP: 6/6
  1881 | D:2      | Noticed Sigmund
  2790 | D:3      | Reached XP level 4. HP: 10/24 MP: 5/8
  3077 | D:3      | Reached skill level 1 in Fighting
  3308 | D:3      | Learned a level 3 spell: Stone Arrow
  4108 | D:4      | Reached XP level 5. HP: 27/29 MP: 9/9
  4126 | D:4      | Noticed a centaur
  4146 | D:4      | Slain by an iguana

Illustrated notes

Levels and vault maps discovered:
D:1:      wander_arrival_peaceful_grave, layout_basic, basic_ecumenical_altar,
          serial_shops, nicolae_shop_stone, hangedman_decor_riveting
D:2:      layout_loops_ring, serial_shops,
          nicolae_shop_temple_entry_statues_fountains, uniq_sigmund
D:3:      layout_loops_ring
D:4:      layout_loops_cross, nicolae_ru_path_of_blood,
          minmay_temple_entry_antechambers

Skill      XL: |  1  2  3  4 |
---------------+-------------+-----
Conjurations   | 1 2 |  2.6
Earth Magic    | 4 |  4.8
Fighting       | 1 |  1.0
Spellcasting   | 3 |  3.0
Dodging        | |  1.5
Stealth        | |  2.1
Transmutations | |  0.7

Action                   |  1- 3 |  4- 6 || total
-------------------------+-------+-------++-------
Melee: Short sword       |    66 |       ||    66
       Quarterstaff      |    74 |    51 ||   125
 Cast: Sandblast         |     2 |     5 ||     7
 Stab: Sleeping          |     5 |       ||     5
Armor: Leather armour    |    65 |    17 ||    82
Dodge: Dodged            |   104 |    37 ||   141

Table legend: (Time is in decaauts)
 A = Elapsed time spent in this place.
 B = Non-inter-level travel time spent in this place.
 C = Inter-level travel time spent in this place.
 D = Time resting spent in this place.
 E = Time spent auto-exploring this place.
 F = Levels seen in this place.
 G = Mean time per level.
                   A        B        C        D        E       F      G
               +--------+--------+--------+--------+--------+-----+--------+
         Total |   4192 |   4112 |     80 |   1371 |   1318 |   4 | 1048.0 |
       Dungeon |   4192 |   4112 |     80 |   1371 |   1318 |   4 | 1048.0 |
               +--------+--------+--------+--------+--------+-----+--------+

Top non-repeatable levels by time:
     D:1: 1634 daAuts
     D:3: 1613 daAuts
     D:2: 861 daAuts
     D:4: 83 daAuts
